 Dungeon Crawl Stone Soup version 0.30.0-29-ga12c61a403 (webtiles) character file.

Game seed: 17147402289846191120

297 bmack86 the Chopper (level 6, -5/51 HPs)
             Began as a Minotaur Fighter on June 21, 2023.
             Slain by an iguana (9 damage)
             ... on level 4 of the Dungeon.
             The game lasted 00:06:58 (2700 turns).

bmack86 the Chopper (Minotaur Fighter)              Turns: 2700, Time: 00:06:58

Health: -5/51      AC: 10    Str: 23    XL:     6   Next: 12%
Magic:  5/5        EV:  8    Int:  5    God:
Gold:   144        SH:  0    Dex:  9    Spells: 5/5 levels left

rFire   . . .        a - +0 war axe
rCold   . . .        c - +0 buckler
rNeg    . . .        m - +0 chain mail
rPois   .            (helmet restricted)
rElec   .            (no cloak)
rCorr   .            (no gloves)
SInv    .            n - +0 pair of boots
Will    .....        (no amulet) Stlth
                     i - ring of flight
HPRegen 0.28/turn    (no ring)
MPRegen 0.09/turn

%: no passive effects
@: confused, flying
A: horns 2, retaliatory headbutt
a: no special abilities


You were on level 4 of the Dungeon.
You visited 1 branch of the dungeon, and saw 4 of its levels.

You collected 144 gold pieces.

Inventory:

Hand Weapons
 a - a +0 war axe (weapon)
Missiles
 p - 16 poisoned darts (quivered)
Armour
 b - a +0 scale mail
 c - a +0 buckler (worn)
 m - a +0 chain mail (worn)
 n - a +0 pair of boots (worn)
Jewellery
 i - a ring of flight (left hand)
Wands
 o - a wand of acid (2)
Scrolls
 h - a scroll of teleportation
 l - 2 scrolls of noise
 q - a scroll of enchant weapon {unknown}
 r - a scroll of amnesia {unknown}
 u - a scroll of immolation {unknown}
Potions
 d - a potion of might
 e - a potion of flight
 f - 4 potions of lignification
 g - 2 potions of attraction
 j - a potion of brilliance
 k - a potion of haste
 s - 2 potions of ambrosia
 t - a potion of curing


   Skills:
 - Level 3.6 Fighting
 + Level 7.9 Axes
 - Level 3.6 Armour
 - Level 3.6 Shields


You had 5 spell levels left.
You didn't know any spells.
Your spell library contained the following spells:

 Spells                   Type           Power      Damage    Failure   Level
 Apportation              Tloc           0%         N/A       98%         1
 Necrotise                Necr           0%         1d4       98%         1
 Summon Small Mammal      Summ           0%         N/A       98%         1


Dungeon Overview and Level Annotations

Branches:
Dungeon (4/15)
 Temple: D:4-7

Altars:

Annotations:
D:4 Ijyb


Innate Abilities, Weirdness & Mutations

You have a pair of horns on your head.
You reflexively headbutt those who attack you in melee.


Message History

You closely miss Ijyb.
Ijyb is moderately wounded.
You hit the +4 spectral club.
Ijyb shares her spectral weapon's damage!
Ijyb zaps a wand.
Your will is overpowered!
You are confused.
Ijyb attacks as you move away! Ijyb barely misses you.
The +4 spectral club hits you.
Ijyb zaps a wand.
Your will is overpowered!
You are more confused.
You're too confused to move!
The +4 spectral club disappears.
You closely miss Ijyb. You headbutt Ijyb.
Ijyb is severely wounded.
Ijyb grins evilly.
Ijyb zaps a wand.
You resist with some effort. Ijyb attacks as you move away!
Ijyb hits you with a +4 spectral club.
Ijyb zaps a wand.
Your will is overpowered!
You are more confused.
You bump into the rock wall.
The iguana bites you.
You bump into the rock wall.
The iguana bites you but does no damage.
You hit Ijyb.
Ijyb is almost dead.
You hit the iguana. The iguana barely misses you.
Ijyb zaps a wand.
Your will is overpowered!
You are more confused.
The iguana bites you! Ijyb hits you with a +4 spectral club.
The +4 spectral club barely misses you.
A +4 spectral club comes into view.
You're too confused to move!
The iguana bites you. Ijyb hits you with a +4 spectral club.
The +4 spectral club hits you.
* * * LOW HITPOINT WARNING * * *
You closely miss Ijyb.
Ijyb is almost dead.
You slash the +4 spectral club!
Ijyb shares her spectral weapon's damage!
You miss the iguana. Ijyb hits you with a +4 spectral club.
* * * LOW HITPOINT WARNING * * *
The +4 spectral club hits you.
* * * LOW HITPOINT WARNING * * *
The iguana bites you!
You die...

.# ####.###
#......###
#....>...
.##.##....#..#
..........#..#
# #..#...#.#
#.l#.#.#.#
#.g@.....#
#.(....###
#.......#
#.##.##.#
#.##.##.#
#.##.##.#
..##.##.##.#
...........# #
#.#.###.####


You could see a +4 spectral club, Ijyb and an iguana.

Vanquished Creatures
  Edmund (D:4)
  A gnoll bouda (D:3)
  Terence (D:3)
  4 adders
  6 worms
  A dart slug (D:4)
  An orc (D:3)
  8 ball pythons
  6 bats
  4 endoplasms
  3 giant cockroaches
  4 goblins
  4 hobgoblins
  3 jackals (D:2)
  12 kobolds
  6 quokkas
  3 frilled lizards
  8 rats
76 creatures vanquished.

Notes
Turn   | Place    | Note
-------+----------+-------------------------------------------
     0 | D:1      | bmack86 the Minotaur Fighter began the quest for the Orb.
     0 | D:1      | Reached XP level 1. HP: 19/19 MP: 0/0
   113 | D:1      | Reached skill level 3 in Axes
   298 | D:1      | Reached XP level 2. HP: 26/26 MP: 1/1
   810 | D:1      | Reached skill level 4 in Axes
   957 | D:2      | Reached XP level 3. HP: 31/31 MP: 2/2
  1170 | D:2      | Reached skill level 5 in Axes
  1539 | D:3      | Reached XP level 4. HP: 39/39 MP: 3/3
  2084 | D:3      | Reached skill level 6 in Axes
  2195 | D:3      | Reached XP level 5. HP: 45/45 MP: 4/4
  2462 | D:3      | Noticed Terence
  2469 | D:3      | Killed Terence
  2518 | D:4      | Noticed Edmund
  2538 | D:4      | Killed Edmund
  2539 | D:4      | Reached skill level 7 in Axes
  2539 | D:4      | Reached XP level 6. HP: 18/51 MP: 5/5
  2683 | D:4      | Noticed Ijyb
  2700 | D:4      | Slain by an iguana

Illustrated notes

Levels and vault maps discovered:
D:1:      saegor_arrival_simple_d, layout_loops_corners
D:2:      layout_rooms, kennysheep_generic_room_5
D:3:      minmay_razor_zed, layout_basic, uniq_terence
D:4:      layout_loops_cross, mainiacjoe_overflow_cross_hatched, uniq_edmund,
          uniq_ijyb

Skill      XL: |  1  2  3  4  5 |
---------------+----------------+-----
Axes           | 3 4 5 6 7 |  7.9
Fighting       | |  3.6
Armour         | |  3.6
Shields        | |  3.6

Action                     |  1- 3 |  4- 6 || total
---------------------------+-------+-------++-------
  Melee: War axe           |    72 |    72 ||   144
         Headbutt          |     8 |    12 ||    20
    Use: Scroll            |     7 |     4 ||    11
 Armour: Scale mail        |    53 |    16 ||    69
         Chain mail        |       |    21 ||    21
  Dodge: Dodged            |    42 |    37 ||    79
  Block: Buckler           |    23 |    19 ||    42
